 Dungeon Crawl Stone Soup version 0.24-a0-408-gcc1054c7ca (webtiles) character file.

Game seed: 9577237390420223960

1968 Lanoc the Cudgeler (level 9, -9/109 HPs)
             Began as a Gnoll Chaos Knight on June 5, 2019.
             Was a Plaything of Xom.
             Mangled by Laiders72's ghost (15 damage)
             ... on level 7 of the Dungeon.
             The game lasted 00:10:52 (4173 turns).

Lanoc the Cudgeler (Gnoll Chaos Knight)             Turns: 4173, Time: 00:10:54

Health: -9/109     AC:  6    Str: 22    XL:     9   Next: 20%
Magic:  14/14      EV: 12    Int: 18    God:    Xom [.*....]
Gold:   336        SH: 14    Dex: 18    Spells: 15/15 levels left

rFire    . . .     SeeInvis .   a - +0 mace (chaos)
rCold    . . .     Gourm    .   f - +4 shield "Noegud" {+Blink rElec Dex+2}
rNeg     + . .     Faith    +   y - +0 ring mail (curse)
rPois    .         Spirit   .   (helmet restricted)
rElec    +         Reflect  .   (no cloak)
rCorr    .         Harm     .   (no gloves)
MR       +....     Rnd*Tele +   (no boots)
Stlth    ..........             B - amulet of faith
HPRegen  0.28/turn              g - ring of positive energy
MPRegen  0.14/turn              p - ring of teleportation (curse)

@: berserking, very quick
A: distributed training, fangs 1, horns 1, clever 2, magic resistance 1,
MP-powered wands, strong nose
a: Renounce Religion, Evoke Blink


You were on level 7 of the Dungeon.
You worshipped Xom.
You were a plaything of Xom.
You were not hungry.

You visited 2 branches of the dungeon, and saw 8 of its levels.
You also visited: Sewer.

You collected 336 gold pieces.

Inventory:

Hand Weapons
 a - a +0 mace of chaos (weapon)
 s - a +1 flail of draining
Missiles
 w - a throwing net (quivered)
Armour
 f - the +4 shield "Noegud" (worn) {+Blink rElec Dex+2}
   (You took it off an orc on level 5 of the Dungeon)

   It affects your dexterity (+2).
   It insulates you from electricity.
   It lets you blink.
 k - a +0 plate armour
 n - a +1 leather armour of magic resistance
 y - a cursed +0 ring mail (worn)
Jewellery
 g - a ring of positive energy (left hand)
 p - a cursed ring of teleportation (right hand)
 B - an amulet of faith (around neck)
Wands
 h - a wand of flame (32)
 m - a wand of random effects (5)
Scrolls
 b - 2 scrolls of fog {unknown}
 e - 9 scrolls of identify
 l - a scroll of fear
 o - a scroll of teleportation
 x - 2 scrolls of remove curse
 z - a scroll of random uselessness {unknown}
Potions
 d - a potion of resistance {unknown}
 j - a potion of heal wounds {unknown}
 q - a potion of magic {unknown}
 r - 2 potions of brilliance {unknown}
 t - 2 potions of curing
 u - a potion of flight {unknown}
 v - 2 potions of lignification
Comestibles
 c - 10 rations
 A - a chunk of flesh


   Skills:
 + Level 7.7 Fighting
 + Level 3.9 Short Blades
 + Level 3.9 Long Blades
 + Level 3.9 Axes
 + Level 7.7 Maces & Flails
 + Level 3.9 Polearms
 + Level 3.9 Staves
 + Level 3.9 Slings
 + Level 3.9 Bows
 + Level 3.9 Crossbows
 + Level 3.9 Throwing
 + Level 6.1 Armour
 + Level 4.7 Dodging
 + Level 3.9 Stealth
 + Level 3.9 Shields
 + Level 3.9 Unarmed Combat
 + Level 3.9 Spellcasting
 + Level 3.2 Conjurations
 + Level 3.2 Hexes
 + Level 3.2 Charms
 + Level 3.2 Summonings
 + Level 3.2 Necromancy
 + Level 3.2 Translocations
 + Level 3.2 Transmutations
 + Level 3.2 Fire Magic
 + Level 3.2 Ice Magic
 + Level 3.2 Air Magic
 + Level 3.2 Earth Magic
 + Level 3.2 Poison Magic
 + Level 4.3 Invocations
 + Level 3.9 Evocations


You had 15 spell levels left.
You didn't know any spells.
Your spell library contained the following spells:

 Spells                   Type           Power        Failure   Level  Hunger
 Animate Skeleton         Necr           N/A          26%         1    None
 Apportation              Tloc           ###...       26%         1    None
 Beastly Appendage        Tmut           ###...       26%         1    None
 Confusing Touch          Hex            ###...       26%         1    None
 Summon Small Mammal      Summ           ###.         26%         1    None
 Sticks to Snakes         Tmut           ###.....     36%         2    ##.....
 Spider Form              Tmut/Pois      ###.......   58%         3    ###....
 Ice Form                 Ice/Tmut       ###.....     94%         4    ####...
 Blade Hands              Tmut           ###.......   100%        5    ######.


Dungeon Overview and Level Annotations

Branches:
Dungeon (7/15)             Temple (1/1) D:7

Altars:
Dithmenos
Hepliaklqana
Kikubaaqudgha
Makhleb
Okawaru
Ru
Uskayaw
Xom
The Shining One

Shops:
D:7 %

Annotations:
D:7 Laiders72's ghost, novice DsBe


Innate Abilities, Weirdness & Mutations

Your experience applies equally to all skills.
You have very sharp teeth.
Your uncanny sense of smell can sniff out nearby items.
You have a pair of small horns on your head.
Your mind is very acute. (Int +4)
You are resistant to hostile enchantments. (MR+)
You expend magic power (3 MP) to strengthen your wands.


Message History

Laiders72's ghost hits you!
Your ring mail prevents you from hitting Laiders72's ghost.
You bite Laiders72's ghost, but do no damage.
Laiders72's ghost is severely damaged.
Laiders72's ghost seems less confused.
Laiders72's ghost hits you but does no damage.
You sock Laiders72's ghost!
You hear a distant rumble.
Laiders72's ghost is almost destroyed.
Laiders72's ghost hits you!
* * * LOW HITPOINT WARNING * * *
You barely miss Laiders72's ghost.
You bite Laiders72's ghost, but do no damage.
Laiders72's ghost is almost destroyed.
Laiders72's ghost hits you!!
* * * LOW HITPOINT WARNING * * *
You emit a cloud of colourful smoke!
Laiders72's ghost hits you!
You die...
Xom cackles wildly!

#...# #.#(...(#
#...###.'..8..#
#...##..'....(#
######..'.(...#
##..#...(.#
#§..#(..(.#
#§#########
#§########
#W@§§.§...
##########


You could see Laiders72's ghost.

Vanquished Creatures
  A water moccasin (D:7)
  2 orc warriors
  An ogre (D:4)
  A wolf (D:5)
  2 centaurs
  4 bullfrogs
  A scorpion (D:7)
  2 vampire bats (D:3)
  A howler monkey (D:7)
  3 crimson imps
  5 orc priests
  A jelly (D:5)
  A gnoll shaman (D:5)
  4 hounds
  2 orc wizards
  2 worker ants
  4 gnolls (D:5)
  9 adders
  A shadow imp (D:6)
  6 oozes
  4 worms
  15 leopard geckos
  22 orcs
  3 bat skeletons (D:3)
  3 bat zombies (D:3)
  18 giant cockroaches
  5 goblins
  3 hobgoblins
  2 jackals (D:6)
  A quokka (D:6)
  9 ball pythons
  2 bats (D:3)
  20 frilled lizards
  2 goblin skeletons (D:4)
  A goblin zombie (D:4)
  3 kobolds
  2 kobold skeletons (D:4)
  A kobold zombie (D:4)
  An orc skeleton (D:4)
  2 orc zombies (D:4)
  A quokka skeleton (D:4)
  2 rats (D:6)
175 creatures vanquished.

Vanquished Creatures (collateral kills)
  A centaur (D:6)
  A jelly (D:7)
  A hound (D:6)
  A kobold zombie (D:4)
  An orc zombie (D:4)
5 creatures vanquished.

Grand Total: 180 creatures vanquished

Notes
Turn   | Place    | Note
-------+----------+-------------------------------------------
     0 | D:1      | Lanoc the Gnoll Chaos Knight began the quest for the Orb.
     0 | D:1      | Reached XP level 1. HP: 23/23 MP: 1/1
    63 | D:2      | XOM: give mutations
    63 | D:2      | Gained mutation: Your mind is acute. (Int +2) [Xom's grace]
    63 | D:2      | Gained mutation: You expend magic power (3 MP) to
                  | strengthen your wands. [Xom's grace]
    89 | D:2      | Reached XP level 2. HP: 16/29 MP: 2/2
   151 | D:2      | XOM: scenery: 1 doors open, 1 doors close
   279 | D:3      | Found a hide-covered altar of Uskayaw.
   279 | D:3      | Noticed a +0 dagger
   279 | D:3      | Noticed a +0 hand axe
   336 | D:3      | Found an ancient bone altar of Kikubaaqudgha.
   336 | D:3      | XOM: 2-stop teleportation journey
   337 | D:3      | Noticed a vampire bat
   337 | D:3      | Noticed a vampire bat
   339 | D:3      | Killed a vampire bat
   339 | D:3      | Reached skill level 1 in Short Blades
   339 | D:3      | Reached skill level 1 in Long Blades
   339 | D:3      | Reached skill level 1 in Axes
   339 | D:3      | Reached skill level 1 in Polearms
   339 | D:3      | Reached skill level 1 in Staves
   339 | D:3      | Reached skill level 1 in Slings
   339 | D:3      | Reached skill level 1 in Bows
   339 | D:3      | Reached skill level 1 in Crossbows
   339 | D:3      | Reached skill level 1 in Throwing
   339 | D:3      | Reached skill level 1 in Stealth
   339 | D:3      | Reached skill level 1 in Shields
   339 | D:3      | Reached skill level 1 in Unarmed Combat
   339 | D:3      | Reached skill level 1 in Spellcasting
   339 | D:3      | Reached skill level 1 in Invocations
   339 | D:3      | Reached skill level 1 in Evocations
   339 | D:3      | Reached XP level 3. HP: 34/35 MP: 2/4
   339 | D:3      | Reached XP level 4. HP: 40/41 MP: 2/5
   343 | D:3      | Reached skill level 1 in Conjurations
   343 | D:3      | Reached skill level 1 in Hexes
   343 | D:3      | Reached skill level 1 in Charms
   343 | D:3      | Reached skill level 1 in Summonings
   343 | D:3      | Reached skill level 1 in Necromancy
   343 | D:3      | Reached skill level 1 in Translocations
   343 | D:3      | Reached skill level 1 in Transmutations
   343 | D:3      | Reached skill level 1 in Fire Magic
   343 | D:3      | Reached skill level 1 in Ice Magic
   343 | D:3      | Reached skill level 1 in Air Magic
   343 | D:3      | Reached skill level 1 in Earth Magic
   343 | D:3      | Reached skill level 1 in Poison Magic
   415 | D:3      | Found a hazy altar of Hepliaklqana.
   488 | D:3      | XOM: blink monster(s)
   526 | D:3      | XOM: 2-stop teleportation journey
   598 | D:3      | Reached XP level 5. HP: 47/47 MP: 6/6
   603 | D:3      | XOM: harmless Conj miscast
   749 | D:3      | XOM: noise
   779 | D:3      | XOM: mild Erth miscast
   832 | D:3      | XOM: god gift: 19 gold pieces
  1026 | D:4      | XOM: stat loss: -1 Str (15/16)
  1053 | D:4      | Noticed an ogre
  1065 | D:4      | Killed an ogre
  1065 | D:4      | Reached XP level 6. HP: 13/53 MP: 8/8
  1248 | D:4      | Found a glowing golden altar of the Shining One.
  1275 | D:4      | XOM: summons 6 friendly demons
  1308 | D:4      | Reached skill level 5 in Armour
  1442 | D:4      | XOM: 2-stop teleportation journey
  1732 | D:4      | XOM: cloud trail
  1754 | D:5      | Entered Level 5 of the Dungeon
  1759 | D:5      | XOM: scenery: 1 doors open
  1797 | D:5      | Reached XP level 7. HP: 19/59 MP: 10/10
  1834 | D:5      | XOM: 7-stop teleportation journey
  1859 | D:5      | XOM: god gift: ring mail {god gift}
  1947 | D:5      | XOM: god gift: shortbow {god gift}
  1948 | D:5      | Identified the +4 shield "Noegud" {+Blink rElec Dex+2}
  1965 | D:5      | HP: 3/60 [poisoned by an orc wizard]
  2108 | D:5      | XOM: give mutations
  2108 | D:5      | Gained mutation: You have a pair of small horns on your
                  | head. [Xom's grace]
  2108 | D:5      | Gained mutation: You are resistant to hostile enchantments.
                  | (MR+) [Xom's grace]
  2108 | D:5      | Gained mutation: Your mind is very acute. (Int +4) [Xom's
                  | grace]
  2172 | D:5      | Noticed Edmund
  2175 | D:5      | XOM: scenery: create altars
  2176 | D:5      | Noticed Edmund
  2176 | D:5      | Edmund changed into Edmund the wolf
  2176 | D:5      | XOM: polymorph Edmund -> Edmund the wolf
  2185 | D:5      | Killed Edmund the wolf
  2196 | D:5      | Reached XP level 8. HP: 51/67 MP: 12/12
  2675 | D:6      | Found a glowing drain.
  2762 | Sewer    | Entered a sewer
  2973 | Sewer    | XOM: 2-stop teleportation journey
  3376 | D:6      | XOM: summons friendly ufetubus
  3839 | D:7      | Found a staircase to the Ecumenical Temple.
  3846 | Temple   | Entered the Ecumenical Temple
  3867 | D:7      | Found Sonefute's Food Shoppe.
  3956 | D:7      | XOM: potion effect (might)
  3959 | D:7      | XOM: potion effect (curing)
  3964 | D:7      | XOM: enchant monster (good)
  3967 | D:7      | Reached XP level 9. HP: 56/72 MP: 14/14
  4096 | D:7      | XOM: cloud trail
  4126 | D:7      | Found an iron altar of Okawaru.
  4138 | D:7      | XOM: harmless Necr miscast
  4144 | D:7      | Found a runed translucent gate.
  4144 | D:7      | Found a runed translucent gate.
  4144 | D:7      | Found a runed translucent gate.
  4144 | D:7      | Noticed Laiders72's ghost (novice DsBe)
  4159 | D:7      | XOM: fog
  4160 | D:7      | XOM: enchant monster (bad)
  4163 | D:7      | XOM: enchant monster (bad)
  4168 | D:7      | XOM: confuse monster(s)
  4173 | D:7      | XOM: smoke on damage
  4173 | D:7      | Mangled by Laiders72's ghost

Levels and vault maps discovered:
D:1:      evilmike_arrival_run_for_it, layout_basic, minmay_three_crescents
D:2:      layout_basic, kennysheep_slug_shrine
D:3:      layout_rooms, dancing_weapons_uskayaw, nicolae_overflow_crystal_walls,
          kennysheep_vampire_church, first_ration
D:4:      layout_loops_ring, nicolae_tso_besieged_by_evil
D:5:      layout_basic, guppyfry_early_orc_mine, uniq_edmund
D:6:      layout_cave_pods, gup_sewer_entry_bubbles
D:7:      layout_rooms, lemuel_round_altar, minmay_temple_entry_trees,
          ebering_ghost_rock_garden, serial_shops, nicolae_shop_statue_plus
Temple:   cyrus_circular_temple

Skill      XL: |  1  2  3  4  5  6  7  8  9 |
---------------+----------------------------+-----
Short Blades   | 1 2 3 |  3.9
Long Blades    | 1 2 3 |  3.9
Axes           | 1 2 3 |  3.9
Polearms       | 1 2 3 |  3.9
Staves         | 1 2 3 |  3.9
Slings         | 1 2 3 |  3.9
Bows           | 1 2 3 |  3.9
Crossbows      | 1 2 3 |  3.9
Throwing       | 1 2 3 |  3.9
Stealth        | 1 2 3 |  3.9
Shields        | 1 2 3 |  3.9
Unarmed Combat | 1 2 3 |  3.9
Spellcasting   | 1 2 3 |  3.9
Invocations    | 1 2 3 4 |  4.3
Evocations     | 1 2 3 |  3.9
Conjurations   | 1 2 3 |  3.2
Hexes          | 1 2 3 |  3.2
Charms         | 1 2 3 |  3.2
Summonings     | 1 2 3 |  3.2
Necromancy     | 1 2 3 |  3.2
Translocations | 1 2 3 |  3.2
Transmutations | 1 2 3 |  3.2
Fire Magic     | 1 2 3 |  3.2
Ice Magic      | 1 2 3 |  3.2
Air Magic      | 1 2 3 |  3.2
Earth Magic    | 1 2 3 |  3.2
Poison Magic   | 1 2 3 |  3.2
Dodging        | 3 4 |  4.7
Armour         | 5 6 |  6.1
Fighting       | 7 |  7.7
Maces & Flails | 7 |  7.7

Action                   |  1- 3 |  4- 6 |  7- 9 || total
-------------------------+-------+-------+-------++-------
Melee: Mace              |    35 |   160 |   383 ||   578
       Bite              |     4 |    17 |    48 ||    69
       Headbutt          |       |       |    67 ||    67
Evoke: Wand              |       |       |     4 ||     4
  Use: Potion            |       |       |     6 ||     6
       Scroll            |       |       |     9 ||     9
 Stab: Confused          |     1 |     1 |     3 ||     5
       Paralysed         |     2 |       |     2 ||     4
       Sleeping          |     1 |       |     4 ||     5
       Petrified         |       |       |     2 ||     2
       Petrifying        |       |       |     1 ||     1
       Distracted        |       |       |     2 ||     2
  Eat: Chunk             |       |     2 |    10 ||    12
Armor: Leather armour    |    21 |     8 |       ||    29
       Plate armour      |       |   122 |   156 ||   278
       Ring mail         |       |       |    10 ||    10
Dodge: Dodged            |    35 |    85 |    65 ||   185
Block: Shield            |       |       |   285 ||   285

Table legend:
 A = Non-vault XP
 B = Vault XP
 C = Vault XP percentage of total XP
 D = Non-vault monster count
 E = Vault monster count
 F = Vault count percentage of total count
                 A         B        C        D         E       F
            +---------+---------+-------+---------+---------+-------
      Total |    1885 |     927 |  33.0 |      81 |      99 |  55.0
            +---------+---------+-------+---------+---------+-------
        D:1 |       0 |       4 | 100.0 |       0 |       1 | 100.0
        D:2 |      12 |       0 |   0.0 |       5 |       0 |   0.0
        D:3 |     111 |     126 |  53.2 |      22 |       8 |  26.7
        D:4 |     201 |      61 |  23.3 |       6 |      12 |  66.7
        D:5 |     415 |     337 |  44.8 |      23 |       8 |  25.8
        D:6 |     323 |      31 |   8.8 |      10 |       8 |  44.4
        D:7 |     823 |       0 |   0.0 |      15 |       0 |   0.0
      Sewer |       0 |     368 | 100.0 |       0 |      62 | 100.0
            +---------+---------+-------+---------+---------+-------
